 Dungeon Crawl Stone Soup version 0.29.1-1-gd02db6906a (webtiles) character file.

Game seed: 534279828904610778

538 EvilAshe the Slasher (level 7, 0/55 HPs)
             Began as a Human Fighter on Sept 27, 2022.
             Succumbed to an orc wizard's poison
             ... on level 4 of the Dungeon.
             The game lasted 00:11:18 (3862 turns).

EvilAshe the Slasher (Human Fighter)                Turns: 3862, Time: 00:11:19

Health: 0/55       AC: 12    Str: 19    XL:     7   Next: 51%
Magic:  4/7        EV:  7    Int:  8    God:
Gold:   181        SH:  0    Dex: 12    Spells: 6/6 levels left

rFire   . . .      SeeInvis .   a - +0 long sword
rCold   . . .      Faith    .   c - +0 buckler
rNeg    . . .      Spirit   +   s - +0 chain mail
rPois   .          Reflect  .   p - +0 helmet
rElec   .          Harm     .   (no cloak)
rCorr   .          Rampage  .   o - +0 pair of gloves
Will    .....                   (no boots)
Stlth   ..........              f - amulet of guardian spirit
HPRegen 0.18/turn               (no ring)
MPRegen 0.10/turn               (no ring)

@: confused, mighty, lethally poisoned (0 -> -22), attractive, hasted, very
quick
A: no striking features
a: no special abilities


You were on level 4 of the Dungeon.
You visited 1 branch of the dungeon, and saw 4 of its levels.

You collected 181 gold pieces.

Inventory:

Hand Weapons
 a - a +0 long sword (weapon)
Missiles
 e - 42 stones
 m - 4 poisoned darts (quivered)
Armour
 c - a +0 buckler (worn)
 o - a +0 pair of gloves (worn)
 p - a +0 helmet (worn)
 s - a +0 chain mail (worn)
Jewellery
 f - an amulet of guardian spirit (around neck)
 r - a ring of ice
Scrolls
 g - a scroll of poison {unknown}
 h - 2 scrolls of noise {unknown}
 j - 2 scrolls of identify {unknown}
 k - a scroll of enchant armour {unknown}
 l - a scroll of fear {unknown}
 n - a scroll of summoning {unknown}
 q - 2 scrolls of blinking {unknown}
 t - a scroll of butterflies {unknown}
Potions
 d - a potion of might


   Skills:
 + Level 4.7 Fighting
 * Level 5.6 Long Blades
 + Level 4.7 Armour
 - Level 3.0 Shields


You had 6 spell levels left.
You didn't know any spells.
Your spell library contained the following spells:

 Spells                   Type           Power      Damage    Failure   Level
 Scorch                   Fire           0%         2d5       100%        2
 Dazzling Flash           Conj/Hex       0%         N/A       100%        3
 Flame Wave               Conj/Fire      0%         2d4       100%        4
 Iskenderun's Mystic Bla  Conj/Tloc      0%         2d3       100%        4
 Starburst                Conj/Fire      0%         6d3       100%        6
 Summon Cactus Giant      Summ           0%         N/A       100%        6


Dungeon Overview and Level Annotations

Branches:
Dungeon (4/15)
 Temple: D:4-7

Altars:
Sif Muna
Xom

Annotations:
D:3 1 runed translucent door, Crazy Yiuf


Message History

You feel very sick. The orc hits you but does no damage.
Something hits you but does no damage.
You are more poisoned.
You slash the orc!
You kill the orc!
You feel extremely sick. Something hits you.
You are more poisoned.
You barely miss something.
You feel extremely sick.
You hear some strange, mumbled words.
You are confused.
You feel very sick.
You hear some strange, mumbled words.
A puff of flame appears from out of thin air!
The puff of flame hits you.
You barely miss something.
You feel very sick. Something hits you but does no damage.
You are lethally poisoned!
You miss something.
* * * LOW HITPOINT WARNING * * *
You feel very sick. Something hits you but does no damage.
You are more poisoned.
It was a potion of haste.
You feel yourself speed up.
* * * LOW HITPOINT WARNING * * *
You feel very sick. Something hits you but does no damage.
You are more poisoned.
It was a potion of attraction.
You feel attractive to monsters.
* * * LOW HITPOINT WARNING * * *
You feel very sick.
You hear some strange, mumbled words.
A magic dart appears from out of thin air!
The magic dart hits you.
* * * LOW HITPOINT WARNING * * *
You feel very mighty all of a sudden.
You die...

##.#.## ##.§.≈≈.≈≈§≈..#
...### #.≈.≈...≈.≈..# ##.#
#.≈.≈._.≈.≈..# ...#
#.≈.≈...≈.≈..#
##.#########.≈.≈≈≈≈≈.§..#
#........<...≈.......§..#
...####..##..≈≈§≈≈≈§≈≈..#
......#..#.#............#
..#.......###...@{..###.#
#.#........#..##........#
#.##.##...#.#.##.#)##.###
#>............##.#.##.####
#.........######.#.).....####
#.#.......# #.####.......#
#.##......######.####.##.##.#
#.####.#.##..>.........#.##.#
..# #.#.##.......##....#...#


There were no monsters in sight!

Vanquished Creatures
  Sigmund (D:3)
  A necrophage (D:2)
  A scorpion (D:4)
  An orc priest (D:4)
  Terence (D:3)
  An orc wizard (D:3)
  Robin (D:3)
  7 adders
  2 worms (D:2)
  A dart slug (D:1)
  10 orcs
  8 bats
  8 endoplasms
  16 goblins
  6 hobgoblins
  2 quokkas
  9 ball pythons
  3 frilled lizards
  5 kobolds
  7 rats
91 creatures vanquished.

Notes
Turn   | Place    | Note
-------+----------+-------------------------------------------
     0 | D:1      | EvilAshe the Human Fighter began the quest for the Orb.
     0 | D:1      | Reached XP level 1. HP: 18/18 MP: 1/1
   122 | D:1      | Found a faded altar of an unknown god.
   187 | D:1      | Reached XP level 2. HP: 15/24 MP: 2/2
   505 | D:1      | Reached XP level 3. HP: 25/29 MP: 3/3
   957 | D:2      | Reached skill level 3 in Long Blades
  1163 | D:2      | Reached XP level 4. HP: 31/35 MP: 4/4
  1426 | D:2      | Noticed a necrophage
  1882 | D:3      | Reached XP level 5. HP: 31/42 MP: 3/5
  2001 | D:3      | Noticed Terence
  2084 | D:3      | Noticed Robin
  2147 | D:3      | Killed Robin
  2148 | D:3      | Reached skill level 4 in Long Blades
  2584 | D:3      | Found a runed translucent door.
  2585 | D:3      | Noticed Crazy Yiuf
  2652 | D:3      | Killed Terence
  2810 | D:3      | Noticed Sigmund
  2852 | D:2      | Reached XP level 6. HP: 46/48 MP: 6/6
  2942 | D:3      | Killed Sigmund
  2943 | D:3      | Reached skill level 5 in Long Blades
  2943 | D:3      | Reached XP level 7. HP: 49/55 MP: 5/7
  3687 | D:4      | Found a shimmering altar of Xom.
  3782 | D:4      | Found a shimmering blue altar of Sif Muna.
  3861 | D:4      | HP: 2/55 [something/magic dart (2)]
  3862 | D:4      | Succumbed to an orc wizard's poison

Illustrated notes

Levels and vault maps discovered:
D:1:      dpeg_arrival_pond, layout_basic,
          hellmonk_ecumenical_altar_pennies_from_heaven,
          hangedman_decor_growths, grunt_decor_fettered, st_stairs_2
D:2:      layout_rooms
D:3:      layout_loops_cross, corexii_corridor_pit, uniq_crazy_yiuf_cottage,
          uniq_terence, uniq_sigmund, uniq_robin
D:4:      layout_loops_cross, mainiacjoe_overflow_concentric_impassable,
          tgw_xom, amcnicky_mini_pool_small, hex_tiny, serial_park_tiny_1

Skill      XL: |  1  2  3  4  5  6 |
---------------+-------------------+-----
Long Blades    | 3 4 5 |  5.6
Fighting       | 4 |  4.7
Armour         | 4 |  4.7
Shields        | |  3.0

Action                   |  1- 3 |  4- 6 |  7- 9 || total
-------------------------+-------+-------+-------++-------
Melee: Long sword        |    98 |   132 |    73 ||   303
Throw: Dart              |       |    15 |       ||    15
       Stone             |       |     3 |       ||     3
  Use: Potion            |       |       |     3 ||     3
Armor: Scale mail        |    67 |    69 |    19 ||   155
       Chain mail        |       |       |     9 ||     9
Dodge: Dodged            |    52 |    50 |    26 ||   128
Block: Buckler           |    18 |    23 |     9 ||    50
